 Dungeon Crawl Stone Soup version 0.14-a0-1719-ga7e7698 (webtiles) character file.

1014 Psiweapon the Sneak (level 7, -1/45 HPs)
             Began as an Octopode Artificer on Jan 2, 2014.
             Was an Initiate of Nemelex Xobeh.
             Slain by a hog (5 damage)
             ... on Level 5 of the Dungeon.
             The game lasted 00:24:11 (4553 turns).

Psiweapon the Sneak (Octopode Artificer)            Turns: 4553, Time: 00:24:12

HP  -1/45        AC  1     Str 11      XL: 7   Next: 94%
MP  10/10        EV 12     Int 14      God: Nemelex Xobeh [......]
Gold 199         SH 16     Dex 14      Spells:  0 memorised,  6 levels left

rFire  . . .     SeeInvis .     o - +2 dwarf dagger (drain)
rCold  . . .     Clarity  .     J - +0 shield
rNeg   . . .     Conserve .     (helmet restricted)
rPois  .         rCorr    .     L - amulet of the gourmand
rElec  .         rRot     .     w - ring of sustain abilities
SustAb + .       Spirit   .     (no ring)
rMut   .         Warding  .     (no ring)
Gourm  +         Stasis   .     (no ring)
                                (no ring)
                                (no ring)
                                (no ring)
                                (no ring)

@: slightly resistant to hostile enchantments, very stealthy
A: almost no armour, amphibious, 8 rings, constrict 8, camouflage 1, gelatinous
body 1
a: Renounce Religion


You were on level 5 of the Dungeon.
You worshipped Nemelex Xobeh.
Nemelex Xobeh was noncommittal.
You were very full.

You visited 2 branches of the dungeon, and saw 7 of its levels.

You collected 199 gold pieces.

Inventory:

Hand weapons
 a - a +0,+0 short sword
 h - a +1,+2 dagger of venom
 n - a +2,+0 elven dagger of electrocution
 o - a +2,+2 dwarven dagger of draining (weapon)
 N - a +0 blowgun
 P - a cursed -1,+0 dwarven war axe
Missiles
 e - 13 darts (quivered)
 r - 22 stones
 M - 20 darts of dispersal
 O - 3 poisoned needles
Armour
 J - a +0 shield (worn)
Magical devices
 b - a wand of flame (6)
 c - a wand of enslavement (13)
 d - a wand of random effects (9)
 y - a wand of disintegration (0)
 Q - a wand of flame (8)
Comestibles
 f - 3 bread rations
 g - a slice of pizza
 l - a pear
 m - 11 sultanas
 p - a snozzcumber
 u - a lychee
 z - an apple
Scrolls
 j - 3 scrolls of identify
 k - 2 scrolls of recharging
 q - 3 scrolls of teleportation
 t - 3 scrolls of magic mapping
 v - a scroll of enchant weapon I {unknown}
 A - a scroll of remove curse {unknown}
 C - a scroll of blinking {unknown}
 D - 2 scrolls of amnesia {unknown}
 G - a scroll of enchant weapon II {unknown}
 I - a scroll of curse jewellery {unknown}
Jewellery
 w - a ring of sustain abilities (left tentacle)
 L - an amulet of the gourmand (around mantle)
Potions
 x - a potion of restore abilities
 B - a potion of heal wounds {unknown}
 F - 2 potions of might {unknown}
 H - a potion of poison {unknown}
 K - a potion of speed {unknown}


   Skills:
 - Level 2.0 Fighting
 + Level 4.2 Short Blades
 + Level 5.0 Dodging
 + Level 6.5 Stealth
 + Level 2.7 Shields
 - Level 3.2 Evocations


You had 6 spell levels left.
You didn't know any spells.

Dungeon Overview and Level Annotations

Branches:
Dungeon (6/16)             Temple (1/1) D:5

Altars:
Ashenzari
Cheibriados
Elyvilon
Fedhas
Kikubaaqudgha
Makhleb
Nemelex Xobeh
Okawaru
Sif Muna
Trog
Vehumet
Xom
Yredelemnul
Zin
the Shining One

Shops:
D:4 (

Annotations:
D:3 exclusion: centaur
D:6 exclusion: oklob plant


Innate Abilities, Weirdness & Mutations

You cannot wear most types of armour.
You are amphibious.
You can wear up to eight rings at the same time.
You can use your tentacles to constrict many enemies at once.
Your skin changes colour to match your surroundings (Stlth).
Your rubbery body absorbs attacks (AC +1).


Message History

You block the hog's attack.
You hit the hog. You drain the hog! You squeeze the hog.
The hog is moderately wounded.
You constrict the hog, but do no damage.
The hog bites you! The hog closely misses you.
You hit the hog but do no damage. Your squeeze misses the hog.
The hog is moderately wounded.
You constrict the hog. The hog barely misses you.
You hit the hog.
The hog is heavily wounded.
You constrict the hog. The hog bites you!
* * * LOW HITPOINT WARNING * * *
Drink which item? (? for menu, Esc to quit)
You feel better.
You constrict the hog. The hog bites you!
* * * LOW HITPOINT WARNING * * *
You hit the hog. You drain the hog!
The hog is severely wounded.
You constrict the hog. The hog bites you.
You die...
Your body disappears without a glow.

### ### ..# ###+### #..
###+ ..# #.....#
#.#########... ..# #.....#
#.#...'..##... ..#
#.....#######.#.#.##..#...
..#
#.....'..@h.#.#.#.###.#...
..# #.....#####.#.#.#.#
#.#... ..# #.....#
#.#.....# #.#...
..######.....# #.'.#####
#.'... ..##...+.....#
###...#.# ###...
..'..###.....# ###(#.#
#... ..#### #.....#
#.(.((# #... ### #.....#
####)#### #### # ###'###
#....#


You could see a hog.

Vanquished Creatures
  A phantom (D:4)
  5 ogres
  A crimson imp (D:5)
  An orc wizard (D:3)
  A scorpion (D:4)
  A worker ant (D:5)
  Ijyb (D:5)
  Jessica (D:3)
  5 adders
  2 giant mites (D:4)
  A worm (D:1)
  3 oozes
  5 giant geckos
  9 orcs
  5 bats
  7 giant cockroaches
  8 goblins
  11 hobgoblins
  3 jackals (D:3)
  8 kobolds
  2 quokkas
  A ball python (D:3)
  5 giant newts
  A goblin zombie (D:5)
  A kobold skeleton (D:4)
  An orc skeleton (D:5)
  7 rats
97 creatures vanquished.

Vanquished Creatures (collateral kills)
  A kobold (D:5)
1 creature vanquished.

Vanquished Creatures (others)
  An orc (D:3)
  4 toadstools (D:1)
5 creatures vanquished.

Grand Total: 103 creatures vanquished

Notes
Turn   | Place    | Note
--------------------------------------------------------------
     0 | D:1      | Psiweapon, the Octopode Artificer, began the quest for the Orb.
     0 | D:1      | Reached XP level 1. HP: 13/13 MP: 1/1
    95 | D:1      | Reached XP level 2. HP: 16/18 MP: 3/3
   325 | D:1      | Reached XP level 3. HP: 23/23 MP: 4/4
   932 | D:2      | HP: 1/24 [poisoned by a kobold]
   952 | D:2      | HP: 1/24 [poisoned by a kobold]
  1292 | D:2      | Reached XP level 4. HP: 29/29 MP: 6/6
  1642 | D:3      | Noticed Jessica
  1644 | D:3      | Killed Jessica
  2225 | D:3      | Found a blossoming altar of Fedhas.
  2225 | D:3      | Noticed a centaur
  2320 | D:3      | Reached XP level 5. HP: 34/34 MP: 7/7
  2619 | D:3      | Reached skill level 4 in Stealth
  2814 | D:4      | Found Tesa's Weapon Boutique.
  2848 | D:4      | Noticed an ogre
  2852 | D:4      | Killed an ogre
  2852 | D:4      | Reached XP level 6. HP: 39/39 MP: 9/9
  2958 | D:5      | Entered Level 5 of the Dungeon
  2961 | D:5      | Reached skill level 5 in Stealth
  2977 | D:4      | Noticed a phantom
  3009 | D:5      | Reached skill level 1 in Shields
  3040 | D:5      | Noticed Ijyb
  3058 | D:5      | Killed Ijyb
  3341 | D:5      | Reached XP level 7. HP: 45/45 MP: 10/10
  3711 | D:6      | Noticed an oklob plant
  3826 | D:4      | Noticed an ogre
  3866 | D:4      | Noticed an ogre
  3866 | D:4      | Killed an ogre
  3866 | D:4      | Reached skill level 6 in Stealth
  3875 | D:4      | Killed an ogre
  4121 | D:4      | Killed a phantom
  4226 | D:5      | Reached skill level 5 in Dodging
  4243 | D:5      | Found a staircase to the Ecumenical Temple.
  4251 | Temple   | Entered the Ecumenical Temple
  4422 | Temple   | Became a worshipper of Nemelex Xobeh
  4538 | D:5      | Noticed a hog
  4553 | D:5      | Slain by a hog

Action                   |  1- 3 |  4- 6 |  7- 9 || total
-------------------------+-------+-------+-------++-------
Melee: Short sword       |    25 |       |       ||    25
       Dagger            |    32 |    84 |    72 ||   188
 Fire: Blowgun           |       |       |     7 ||     7
Throw: Dart              |     6 |       |     9 ||    15
Evoke: Wand              |     2 |    10 |    13 ||    25
  Use: Potion            |     2 |       |     2 ||     4
       Scroll            |       |     3 |       ||     3
 Stab: Sleeping          |    11 |     8 |     9 ||    28
       Distracted        |       |       |     1 ||     1
